 Dungeon Crawl Stone Soup version 0.20.0-8-g6b59dc7 (webtiles) character file.

34782 rodrick the Warrior (level 13, -6/223 HPs)
             Began as an Ogre Berserker on June 1, 2017.
             Was a High Priest of Trog.
             Mangled by an ogre
             ... wielding a +0 giant club
              (22 damage)
             ... on level 2 of the Orcish Mines.
             The game lasted 00:48:17 (16703 turns).

rodrick the Warrior (Ogre Berserker)               Turns: 16703, Time: 00:48:18

Health: -6/223     AC: 11    Str: 35    XL:     13   Next: 79%
Magic:  13/13      EV: 10    Int:  8    God:    Trog [*****.]
Gold:   610        SH:  0    Dex:  8    Spells: 12/12 levels left

rFire    + . .     SeeInvis .   T - +1 giant spiked club
rCold    . . .     Gourm    .   (shield currently unavailable)
rNeg     . . .     Faith    .   a - +0 acid dragon scales
rPois    .         Spirit   .   E - +2 hat {MR+}
rElec    .         Reflect  .   (no cloak)
rCorr    +         Harm     .   (gloves unavailable)
MR       ++...                  (boots unavailable)
Stlth    ..........             (no amulet)
Regen    0.5/turn               d - ring of resist corrosion
MPRegen  0.2/turn               j - ring of protection from fire

@: berserking, very quick
A: unfitting armour, iridescent scales 1, strong 1, tough skin 1
a: Berserk, Trog's Hand, Brothers in Arms, Burn Spellbooks, Renounce Religion


You were on level 2 of the Orcish Mines.
You worshipped Trog.
Trog was extremely pleased with you.
You were hungry.

You visited 2 branches of the dungeon, and saw 14 of its levels.
You also visited: Sewer.

You collected 898 gold pieces.
You spent 288 gold pieces at shops.

Inventory:

Hand Weapons
 T - a +1 giant spiked club (weapon)
Missiles
 f - 5 large rocks (quivered)
 x - 7 silver javelins
 R - 4 javelins of returning
Armour
 a - +0 acid dragon scales (worn)
 y - a +2 robe of resistance
 E - a +2 hat of magic resistance (worn)
Jewellery
 d - a ring of resist corrosion (left hand)
 j - a ring of protection from fire (right hand)
 N - a +4 ring of dexterity
Wands
 b - a wand of paralysis (10/24)
 A - a wand of random effects (2/48)
 I - a wand of flame (15/48)
 J - a wand of clouds (3/9)
 L - a wand of lightning (7/15)
 O - a wand of iceblast (8/15)
Scrolls
 i - a scroll of enchant armour
 n - 7 scrolls of teleportation
 p - a scroll of fear
 s - a scroll of fog
 t - 2 scrolls of recharging
 v - 4 scrolls of remove curse
 G - 3 scrolls of blinking
 P - a scroll of identify
 S - a scroll of summoning
Potions
 e - 9 potions of curing
 g - 7 potions of brilliance
 h - 7 potions of might
 l - a potion of agility
 q - 2 potions of heal wounds
 r - 4 potions of flight
 z - 2 potions of lignification
 B - 4 potions of mutation
 D - 2 potions of berserk rage
 F - a potion of resistance
 H - 2 potions of invisibility
Books
 C - a book of Necromancy

   Spells                             Type                      Level
   a - Pain                           Necromancy                   1
   b - Animate Skeleton               Necromancy                   1
   c - Vampiric Draining              Necromancy                   3
   d - Regeneration                   Charms/Necromancy            3
   e - Animate Dead                   Necromancy                   4
   f - Control Undead                 Necromancy                   4
   Trog disapproves of the use of such an item.
 M - a book of Cantrips

   Spells                             Type                      Level
   a - Confusing Touch                Hexes                        1
   b - Animate Skeleton               Necromancy                   1
   c - Summon Small Mammal            Summoning                    1
   d - Apportation                    Translocation                1
   Trog disapproves of the use of such an item.
 Q - a book of Changes

   Spells                             Type                      Level
   a - Beastly Appendage              Transmutation                1
   b - Sticks to Snakes               Transmutation                2
   c - Spider Form                    Transmutation/Poison         3
   d - Ice Form                       Ice/Transmutation            4
   e - Blade Hands                    Transmutation                5
   Trog disapproves of the use of such an item.
Comestibles
 c - 6 bread rations
 k - 14 chunks of flesh
 m - 5 meat rations
 u - 3 fruits
 w - a royal jelly


   Skills:
 + Level 15.0 Fighting
 + Level 14.8 Maces & Flails
 + Level 11.2 Throwing
 + Level 1.2 Armour
 + Level 2.9 Dodging
 + Level 0.1 Stealth


You had 12 spell levels left.
You didn't know any spells.

Dungeon Overview and Level Annotations

Branches:
Dungeon (12/15)            Temple (0/1) D:5            Lair (0/6) D:11
    Orc (2/2) D:12            Elf (0/3) Orc:2

Altars:
Cheibriados
Dithmenos
Hepliaklqana
Kikubaaqudgha
Makhleb
Nemelex Xobeh
Trog
Yredelemnul
Beogh

Shops:
D:7 *!?(

Annotations:
D:9 2 transporters, exclusion: obsidian statue


Innate Abilities, Weirdness & Mutations

You are too large for most types of armour.
You have tough skin. (AC +1)
You are partially covered in iridescent scales. (AC +2)
Your muscles are strong. (Str +2)


Message History

The two-headed ogre hits you with a giant club!!
* * * LOW HITPOINT WARNING * * *
The two-headed ogre completely misses you.
You barely miss the two-headed ogre.
The two-headed ogre is almost dead.
The ogre hits you with a giant spiked club!
* * * LOW HITPOINT WARNING * * *
You beat the two-headed ogre like a drum!!!
You kill the two-headed ogre!
Trog accepts your kill. Something appears at your feet! Trog grants you a gift!
Your Fighting skill increases to level 15!
You spit the ogre like a pig!!!
You kill the ogre!
Trog accepts your kill.
You impale the ogre!!
The ogre is almost dead.
The ogre hits you with a giant club!!
You die...

..)...)##.###....### ##.._..###..
..(........#.......###.......####
....(..)ยง..........##.......)##
#
........#..........#..........###
#......###.....##..#.........##..
###...##..#..#.##........##......
##...#....)#####......###......
##.###...)#####.......##...... ##
###....#@........##..##..
#...)O)...........#.##.
#......##.##.....##.#..
##......####.>..####### ##....##
##....# ##.### ##..## ##.# ##.#
### ###


You could see an ogre.

Vanquished Creatures
  Gastronok (D:8)
  The ghost of SirKenneth the Warrior, a journeyman GrFi of Makhleb (Orc:2)
  Azrael (Orc:2)
  An ettin (Orc:2)
  An ogre mage (Orc:2)
  2 hydras
  Erica (D:9)
  8 two-headed ogres
  The ghost of porpoise the Carver, a novice FoFi of Qazlal (D:5)
  Pikel (D:6)
  An ugly thing (D:10)
  2 cyclopes
  2 centaur zombies (D:10)
  Joseph (D:8)
  Psyche (D:9)
  A kobold demonologist (D:11)
  6 trolls
  Prince Ribbit (D:9)
  3 hippogriffs
  2 wraiths (D:11)
  2 water elementals (D:11)
  A spriggan (D:8)
  19 yaks (D:10)
  A wyvern (D:9)
  2 steam dragons (D:5)
  A hungry ghost (D:10)
  5 fire elementals
  Edmund (D:4)
  A warg (Orc:2)
  An acid dragon (D:11)
  Duvessa (D:4)
  5 sky beasts
  A hell hound (Orc:1)
  A black bear (D:11)
  6 ice beasts
  13 orc warriors
  A hornet zombie (D:12)
  3 necrophages
  A phantom (D:8)
  A wolf (D:11)
  16 ogres
  9 centaurs
  6 big kobolds
  Blork the orc (D:6)
  11 bullfrogs
  Dowan (D:4)
  A water moccasin zombie (D:10)
  5 scorpions
  9 wights
  2 vampire bats (D:6)
  An electric eel (D:11)
  3 bullfrog zombies
  4 crimson imps
  A quasit (D:9)
  14 hounds
  3 centaur skeletons
  2 jellies
  9 orc priests
  4 bullfrog skeletons
  4 iguanas
  12 orc wizards
  8 worker ants
  A killer bee zombie (D:6)
  2 hound zombies
  3 hound skeletons
  A worker ant zombie (D:11)
  A howler monkey skeleton (D:3)
  18 adders
  10 gnolls
  4 river rats (Sewer)
  An ooze (D:1)
  An adder zombie (D:8)
  2 worms (D:2)
  A dart slug (D:2)
  4 leopard geckos
  44 orcs
  11 bats
  5 bat skeletons (D:6)
  A bat zombie (D:6)
  6 giant cockroaches
  2 gnoll zombies (D:5)
  4 goblins
  9 hobgoblins
  14 jackals
  A quokka (D:3)
  12 ball pythons
  3 frilled lizards
  38 kobolds
  A leopard gecko skeleton (D:6)
  A quokka skeleton (D:6)
  24 rats
456 creatures vanquished.

Vanquished Creatures (collateral kills)
  An ogre mage (Orc:2)
  4 two-headed ogres (Orc:2)
  3 ogres (Orc:2)
8 creatures vanquished.

Vanquished Creatures (others)
  A slave (D:6)
  2 crimson imps (D:6)
  An orc priest (D:6)
  2 orcs
  4 fungi (D:5)
10 creatures vanquished.

Grand Total: 474 creatures vanquished

Notes
Turn   | Place    | Note
-------+----------+-------------------------------------------
     0 | D:1      | rodrick the Ogre Berserker began the quest for the Orb.
     0 | D:1      | Reached XP level 1. HP: 24/24 MP: 1/1
   147 | D:1      | Reached XP level 2. HP: 29/32 MP: 2/2
   364 | D:1      | Reached XP level 3. HP: 30/40 MP: 3/3
   816 | D:2      | Found a snail-covered altar of Cheibriados.
   953 | D:2      | Reached ** piety under Trog
  1339 | D:2      | Reached XP level 4. HP: 41/49 MP: 4/4
  1395 | D:2      | Found a shadowy altar of Dithmenos.
  1405 | D:2      | Reached skill level 1 in Throwing
  1640 | D:2      | Reached skill level 5 in Fighting
  2026 | D:3      | Reached XP level 5. HP: 49/57 MP: 5/5
  2663 | D:4      | Noticed Edmund
  2670 | D:4      | Killed Edmund
  2670 | D:4      | Reached XP level 6. HP: 67/67 MP: 6/6
  2682 | D:4      | Reached skill level 5 in Maces & Flails
  2776 | D:4      | Noticed Duvessa
  2776 | D:4      | Noticed Dowan
  2788 | D:4      | Killed Duvessa
  2788 | D:4      | Reached *** piety under Trog
  2788 | D:4      | Reached skill level 6 in Fighting
  2788 | D:4      | Reached XP level 7. HP: 75/75 MP: 7/7
  2791 | D:4      | Killed Dowan
  2879 | D:4      | Found a glowing drain.
  2893 | Sewer    | Entered a sewer
  3240 | Sewer    | Reached **** piety under Trog
  3817 | D:5      | Entered Level 5 of the Dungeon
  4075 | D:5      | Received a gift from Trog
  4090 | D:5      | Found a basalt altar of Yredelemnul.
  4165 | D:5      | Found a staircase to the Ecumenical Temple.
  4174 | D:5      | Noticed a steam dragon
  4183 | D:5      | Killed a steam dragon
  4183 | D:5      | Reached skill level 7 in Fighting
  4183 | D:5      | Reached XP level 8. HP: 20/87 MP: 8/8
  4694 | D:5      | Noticed porpoise's ghost (novice FoFi)
  4700 | D:5      | Killed porpoise's ghost
  4700 | D:5      | Reached skill level 8 in Fighting
  4700 | D:5      | Reached skill level 5 in Throwing
  4724 | D:5      | Reached XP level 9. HP: 15/97 MP: 9/9
  5370 | D:5      | Found a bloodstained altar of Trog.
  5626 | D:6      | Reached ***** piety under Trog
  5629 | D:6      | Reached skill level 9 in Fighting
  5639 | D:6      | Noticed Blork the orc
  5646 | D:6      | Received a gift from Trog
  5647 | D:6      | Killed Blork the orc
  5696 | D:6      | Found an ancient bone altar of Kikubaaqudgha.
  5740 | D:6      | Noticed Pikel
  5751 | D:6      | Killed Pikel
  6051 | D:6      | Received a gift from Trog
  6252 | D:7      | Reached XP level 10. HP: 85/110 MP: 10/10
  6308 | D:7      | Found Afaxt's Distillery.
  6321 | D:7      | Found Enopomos's Assorted Antiques.
  6325 | D:7      | Bought 2 potions of mutation for 192 gold pieces
  6325 | D:7      | Bought a potion of mutation for 96 gold pieces
  6325 | D:7      | Gained mutation: Your flesh is cold resistant. (rC+) [potion of mutation]
  6325 | D:7      | Gained mutation: You are clumsy. (Dex -2) [potion of mutation]
  6325 | D:7      | Gained mutation: You tend to lose your temper in combat. [potion of mutation]
  6325 | D:7      | Lost mutation: You tend to lose your temper in combat. [potion of mutation]
  6326 | D:7      | Lost mutation: Your flesh is cold resistant. (rC+) [potion of mutation]
  6326 | D:7      | Lost mutation: You are clumsy. (Dex -2) [potion of mutation]
  6326 | D:7      | Gained mutation: You are partially covered in iridescent scales. (AC +2) [potion of mutation]
  6326 | D:7      | Gained mutation: Your muscles are strong. (Str +2) [potion of mutation]
  6470 | D:7      | Found Ahuup's Antique Weapon Shop.
  6494 | D:7      | Reached skill level 10 in Fighting
  6504 | D:7      | Found a burning altar of Makhleb.
  6736 | D:7      | Found Ivoxziwoige's Magic Scroll Shop.
  6939 | D:7      | Found a sparkling altar of Nemelex Xobeh.
  7287 | D:8      | Noticed Gastronok
  7299 | D:8      | Killed Gastronok
  7299 | D:8      | Reached skill level 10 in Maces & Flails
  7307 | D:8      | Reached skill level 11 in Fighting
  7657 | D:8      | Noticed Joseph
  8072 | D:8      | Killed Joseph
  8165 | D:8      | Reached XP level 11. HP: 113/120 MP: 11/11
  8460 | D:8      | Received a gift from Trog
  8584 | D:8      | Noticed a two-headed ogre
  8588 | D:8      | Killed a two-headed ogre
  8977 | D:8      | Received a gift from Trog
  9369 | D:9      | Noticed Prince Ribbit
  9390 | D:9      | Killed Prince Ribbit
  9446 | D:9      | Noticed Erica
  9455 | D:9      | Killed Erica
  9455 | D:9      | Reached skill level 12 in Fighting
  9534 | D:9      | Noticed a flayed ghost
  9535 | D:9      | Noticed a sphinx
  9535 | D:9      | Found a transporter.
  9535 | D:9      | Found a transporter.
  9535 | D:9      | Noticed an obsidian statue
  9670 | D:9      | Noticed Psyche
  9684 | D:9      | Killed Psyche
 10196 | D:10     | Entered Level 10 of the Dungeon
 10789 | D:10     | Noticed a four-headed hydra
 10792 | D:10     | Killed a four-headed hydra
 10792 | D:10     | Reached XP level 12. HP: 133/133 MP: 12/12
 10948 | D:10     | Received a gift from Trog
 11257 | D:10     | Noticed a two-headed ogre
 11261 | D:10     | Killed a two-headed ogre
 11280 | D:10     | Reached skill level 13 in Fighting
 11768 | D:10     | Noticed a two-headed ogre
 11769 | D:10     | Killed a two-headed ogre
 12106 | D:11     | Received a gift from Trog
 12427 | D:11     | Reached skill level 10 in Throwing
 12629 | D:11     | Found a staircase to the Lair.
 13577 | D:11     | Noticed a five-headed hydra
 13585 | D:11     | Killed a five-headed hydra
 13736 | D:12     | Noticed a two-headed ogre
 13872 | D:12     | Killed a two-headed ogre
 14018 | D:12     | Reached skill level 14 in Fighting
 14039 | D:12     | Reached XP level 13. HP: 103/146 MP: 13/13
 14489 | D:12     | Found a staircase to the Orcish Mines.
 14517 | D:12     | Found a hazy altar of Hepliaklqana.
 14558 | D:12     | Received a gift from Trog
 14665 | D:12     | Reached ****** piety under Trog
 14744 | Orc:1    | Entered Level 1 of the Orcish Mines
 14896 | Orc:2    | Entered Level 2 of the Orcish Mines
 14896 | Orc:2    | Noticed SirKenneth's ghost (journeyman GrFi)
 14908 | Orc:2    | Killed SirKenneth's ghost
 14957 | Orc:2    | Found a roughly hewn altar of Beogh.
 14958 | Orc:2    | Noticed Azrael
 15339 | Orc:2    | Killed Azrael
 15344 | Orc:2    | Received a gift from Trog
 15573 | Orc:2    | Noticed an ettin
 15590 | Orc:2    | Killed an ettin
 15916 | Orc:2    | Found a roughly hewn altar of Beogh.
 15917 | Orc:2    | Found a staircase to the Elven Halls.
 15967 | Orc:2    | Noticed an ogre mage
 15974 | Orc:2    | Noticed an ogre mage
 15979 | Orc:2    | Killed an ogre mage
 16003 | Orc:2    | Killed an ogre mage
 16493 | Orc:2    | Reached skill level 1 in Armour
 16701 | Orc:2    | Received a gift from Trog
 16701 | Orc:2    | Reached skill level 15 in Fighting
 16703 | Orc:2    | Mangled by an ogre

Skill      XL: |  1  2  3  4  5  6  7  8  9 10 11 12 13 |
---------------+----------------------------------------+-----
Maces & Flails | 3 4 5 6 7 9 10 12 13 14 | 14.8
Throwing       | 1 2 4 5 6 7 9 10 11 | 11.2
Fighting       | 5 6 7 8 9 11 12 14 15 | 15.0
Armour         | 1 |  1.2
Dodging        | |  2.9
Stealth        | |  0.1

Action                   |  1- 3 |  4- 6 |  7- 9 | 10-12 | 13-15 || total
-------------------------+-------+-------+-------+-------+-------++-------
Melee: Mace              |   115 |   116 |       |       |       ||   231
       Dire flail        |       |    11 |   313 |   572 |   243 ||  1139
       Giant spiked club |       |       |       |       |    13 ||    13
Throw: Large rock        |     4 |     1 |     5 |    38 |    14 ||    62
Invok: Berserk           |       |     4 |     4 |     8 |     4 ||    20
       Brothers in Arms  |       |       |       |       |     2 ||     2
       Trog's Hand       |       |       |       |       |     1 ||     1
Evoke: Wand              |       |       |       |     2 |       ||     2
  Use: Scroll            |     6 |     1 |    11 |     6 |     2 ||    26
       Potion            |       |     2 |     3 |     2 |     1 ||     8
  Eat: Chunk             |     1 |     8 |    16 |    23 |     8 ||    56
       Bread ration      |       |       |       |     2 |     1 ||     3
Armor: Animal skin       |    48 |    44 |    68 |       |       ||   160
       Robe              |       |       |     6 |   147 |       ||   153
       Acid dragon scale |       |       |       |    22 |    90 ||   112
Dodge: Dodged            |    86 |    78 |   167 |   227 |   111 ||   669
